 Dungeon Crawl Stone Soup version 0.14-a0-226-gcf818b1 (webtiles) character file.

1228 Malachi the Poker (level 8, -3/109 HPs)
             Began as a Naga Berserker on Oct 10, 2013.
             Was an Elder of Trog.
             Slain by a gnoll
             ... wielding a +0,+0 flail
              (9 damage)
             ... on Level 5 of the Dungeon.
             The game lasted 00:10:50 (5415 turns).

Malachi the Poker (Naga Berserker)                  Turns: 5415, Time: 00:10:51

HP  -3/109       AC  7     Str 27      XL: 8   Next: 22%
MP   7/7         EV  9     Int  8      God: Trog [****..]
Gold 206         SH  0     Dex 10      Spells:  0 memorised,  7 levels left

Res.Fire  : . . .   See Invis. : +   a - +1 spear
Res.Cold  : . . .   Warding    : .   e - +1 orc ring mail (curse)
Life Prot.: . . .   Conserve   : .   (no shield)
Res.Poison: +       Res.Corr.  : .   (no helmet)
Res.Elec. : .       Clarity    : .   i - +0 cloak
Sust.Abil.: . .     Spirit.Shd : .   (no gloves)
Res.Mut.  : .       Stasis     : .   (no barding)
Res.Rott. : .       Flight     : .   (no amulet)
Saprovore : . . .                    (no ring)
                                     (no ring)

@: berserking, quick, somewhat resistant to hostile enchantments, extremely
unstealthy
A: spit poison, see invisible, deformed body, poison resistance, slowness 2, AC
+2
a: Spit Poison, Burn Spellbooks, Berserk, Trog's Hand, Brothers in Arms,
Renounce Religion


You were on level 5 of the Dungeon.
You worshipped Trog.
Trog was greatly pleased with you.
You were hungry.

You visited 1 branch of the dungeon, and saw 5 of its levels.

You collected 186 gold pieces.

Inventory:

Hand weapons
 a - a +1,+1 spear (weapon)
Armour
 b - a +0 animal skin
 e - a cursed +1 orcish ring mail (worn)
 i - a +0 cloak (worn)
 o - a +1 dwarven plate armour
 p - a +0 elven leather armour
Magical devices
 j - a wand of fire (5)
Comestibles
 c - 4 bread rations
 d - a chunk of orc flesh
 g - 5 meat rations
 k - a chunk of goblin flesh
 q - a pear
Scrolls
 h - a scroll of identify
 l - a scroll of magic mapping
 m - a scroll of fog
Jewellery
 n - an uncursed amulet of rage
Potions
 f - a potion of heal wounds


   Skills:
 + Level 4.3 Fighting
 * Level 6.6 Polearms
 + Level 3.0 Armour
 + Level 4.2 Dodging
 + Level 3.7 Stealth


You had 7 spell levels left.
You didn't know any spells.

Dungeon Overview and Level Annotations

Branches:
Dungeon (5/27)
 Temple: D:4-7

Altars:


Innate Abilities, Weirdness & Mutations

You cannot wear boots.
You can spit poison.
Your serpentine skin is tough (AC +2).
You have supernaturally acute eyesight.
Armour fits poorly on your strangely shaped body.
Your system is resistant to poisons.
You cover ground very slowly.


Message History

* * * LOW HITPOINT WARNING * * *
The gnoll hits you with a flail!
* * * LOW HITPOINT WARNING * * *
You hit the gnoll.
You kill the gnoll!
Trog accepts your kill. The gnoll barely misses you.
You hit the gnoll.
You kill the gnoll!
Trog accepts your kill. The gnoll barely misses you.
The gnoll hits you with a flail!
* * * LOW HITPOINT WARNING * * *
You hit the gnoll.
The gnoll is moderately wounded.
The orc hits you with an orcish club.
* * * LOW HITPOINT WARNING * * *
You hit the gnoll.
The gnoll is heavily wounded.
The gnoll barely misses you. The gnoll hits you with a flail!
You die...

.# . ... .# ....#
#..######## .. .....#
#..#....... ## #.....#
#..#....... #.....#
#..#....... #.....#
#..#....... #.....#
#..#.......
#.....#######..#.......
####....g@$)......#'######
.........g)o...............
...........###########.....
########...#.........(.....
#...#........)#.####
#...#........%#.#...
#...#.........#.'...
#...#.........#.#...
#...#.........#.####


You could see 2 gnolls and an orc.

Vanquished Creatures
  Grinder (D:5)
  Menkaure (D:4)
  An orc warrior (D:5)
  2 crimson imps (D:5)
  An orc priest (D:5)
  A scorpion (D:4)
  7 orc wizards
  A worker ant (D:4)
  7 adders
  2 gnolls (D:5)
  An inept feature mimic (D:5)
  An adder zombie (D:5)
  A giant eyeball (D:3)
  3 giant geckos
  13 orcs
  15 bats
  3 giant cockroaches
  13 goblins
  17 hobgoblins
  10 jackals
  17 kobolds
  3 quokkas (D:2)
  10 giant newts
  An orc skeleton (D:5)
  9 rats
  2 rat skeletons (D:4)
143 creatures vanquished.

Vanquished Creatures (collateral kills)
  An ice beast (D:5)
  An ogre (D:4)
  A goblin (D:4)
3 creatures vanquished.

Grand Total: 146 creatures vanquished

Notes
Turn   | Place    | Note
--------------------------------------------------------------
     0 | D:1      | Malachi, the Naga Berserker, began the quest for the Orb.
     0 | D:1      | Reached XP level 1. HP: 21/21 MP: 0/0
   132 | D:1      | Reached XP level 2. HP: 22/28 MP: 1/1
   283 | D:1      | Acquired Trog's second power
   540 | D:1      | Reached XP level 3. HP: 19/36 MP: 2/2
  1566 | D:2      | Reached XP level 4. HP: 38/43 MP: 3/3
  2273 | D:3      | Reached skill level 4 in Polearms
  2363 | D:3      | Reached skill level 1 in Stealth
  2363 | D:3      | Reached XP level 5. HP: 33/50 MP: 4/4
  3252 | D:4      | Noticed Menkaure
  3262 | D:4      | Killed Menkaure
  3262 | D:4      | Reached skill level 5 in Polearms
  3262 | D:4      | Reached XP level 6. HP: 58/58 MP: 5/5
  3287 | D:4      | Noticed an ogre
  3290 | D:4      | Acquired Trog's third power
  3317 | D:4      | Killed an ogre
  4284 | D:4      | Reached XP level 7. HP: 36/64 MP: 6/6
  4644 | D:5      | Entered Level 5 of the Dungeon
  5035 | D:5      | Noticed Grinder
  5057 | D:5      | Killed Grinder
  5057 | D:5      | Reached skill level 6 in Polearms
  5214 | D:5      | Reached XP level 8. HP: 73/73 MP: 7/7
  5415 | D:5      | Slain by a gnoll

Action                   |  1- 3 |  4- 6 |  7- 9 || total
-------------------------+-------+-------+-------++-------
Melee: Spear             |   165 |   239 |   212 ||   616
Invok: Berserk           |     1 |     3 |     3 ||     7
       Brothers in Arms  |       |     1 |     1 ||     2
 Abil: Spit Poison       |       |       |     1 ||     1
Evoke: Wand              |       |       |     1 ||     1
  Use: Scroll            |     6 |     3 |     6 ||    15
       Potion            |       |     5 |     1 ||     6
 Stab: Sleeping          |       |     3 |     2 ||     5
